Map: Lerilak Crest

Players

wabbajack

  • Race: Zerg Zerg
  • League: Bronze

Nerfles - Winner!

  • Race: Zerg Zerg
  • League: Grandmaster

VOD

Have the link to the VOD?

Description

Time

  • Played on: July 16, 2015, 4:25 p.m.
  • Length: 3:57
Show
View Real Time Build Order
Export as new Build Order

wabbajack Zerg 

Build Orders: Pool First 

Get SALT Encoding   

  12  0:02  Drone  
  13  0:19  Drone  
  13  0:21  Overlord  
  14  0:26  Drone, Extractor  
  14  0:27  Extractor  
  13  0:31  Drone  
  15  0:46  Drone  
  16  0:56  Spawning Pool  
  16  0:57  Drone  
  16  1:09  Drone  
  17  1:30  Hatchery  
  17  1:31  Drone  
  17  1:34  Drone  
  18  1:46  Queen  
  20  1:58  Overlord  
  20  2:02  Evolution Chamber  
  19  2:26  Drone x3  
  22  2:34  Roach Warren  
  21  2:37  Metabolic Boost  
  21  2:49  Queen  
  22  2:59  Zergling x2  
  22  3:10  Drone x2  
  24  3:22  Drone x3  
  27  3:38  Drone  
  27  3:40  Drone x2  
Show
View Real Time Build Order
Export as new Build Order

Nerfles Zerg - Winner!

Build Orders: Hatch First 

Get SALT Encoding   

  12  0:01  Drone  
  13  0:08  Drone  
  14  0:16  Overlord  
  14  0:35  Drone  
  14  0:36  Drone x2  
  17  0:53  Hatchery  
  17  0:56  Drone  
  17  1:00  Extractor  
  16  1:04  Drone  
  17  1:14  Spawning Pool  
  17  1:17  Drone  
  17  1:27  Overlord  
  17  1:40  Overlord  
  17  2:01  Queen  
  17  2:03  Metabolic Boost  
  17  2:04  Queen  
  17  2:07  Zergling x2  
  22  2:11  Drone  
  22  2:15  Drone  
  24  2:26  Baneling Nest  
  24  2:29  Drone  
  25  2:30  Drone  
  25  2:32  Drone  
  26  2:44  Queen  
  28  2:52  Drone x2  
  29  3:14  Zergling x2  
  29  3:15  Zergling x14  
  37  3:28  Drone x2  
  39  3:34  Overlord  
  39  3:37  Extractor  
  38  3:41  Drone  
  38  3:42  Drone x2  
Tags
 
Add a new tag
Caveats
  • Supply blocks, unpowered buildings, or Contaminate may cause inaccurate times.
  • Supply counts are checked every 10 seconds.